 Dungeon Crawl Stone Soup version 0.17.1-3-g152610e (webtiles) character file.

49 kaze the Ruffian (level 3, -7/30 HPs)
             Began as a Ghoul Gladiator on Mar 1, 2016.
             Mangled by a lorocyproca (9 damage)
             ... on level 1 of the Abyss.
             The game lasted 00:04:44 (1223 turns).

kaze the Ruffian (Ghoul Gladiator)                  Turns: 1223, Time: 00:04:44

Health: -7/30      AC:  4    Str: 18    XL:     3   Next: 77%
Magic:  0/2        EV: 12    Int:  3    God:
Gold:   80         SH:  0    Dex: 10    Spells: 0 memorised, 2 levels left

rFire  . . .     SeeInvis .       - Unarmed
rCold  + . .     Clarity  .     a - +0 leather armour
rNeg   + + +     SustAt   .     (no shield)
rPois  ∞         Gourm    .     b - +0 helmet
rElec  .         Spirit   .     (no cloak)
rCorr  .         Warding  .     (no gloves)
rMut   .         Stasis   .     (no boots)
MR     .....                    (no amulet)
Stlth  +.........               (no ring)
                                (no ring)

@: rotting, not resistant to hostile enchantments, very unstealthy
A: rotting body, claws 1, carnivore 3, cold resistance 1, negative energy
resistance 3, slow regeneration 1, torment resistance, unbreathing
a: no special abilities


You were on level 1 of the Abyss.
You were not hungry.

You visited 1 branch of the dungeon, and saw 2 of its levels.
You visited the Abyss 1 time.

You collected 80 gold pieces.

Inventory:

Missiles
 c - 3 throwing nets (quivered)
 f - 28 poisoned needles
 g - 8 tomahawks
 h - 15 exploding sling bullets
Armour
 a - a +0 leather armour (worn)
 b - a +0 helmet (worn)
Jewellery
 q - an uncursed ring of protection from cold {unknown}
 s - an uncursed ring of stealth {unknown}
Scrolls
 e - 5 scrolls of teleportation {unknown}
 l - a scroll of remove curse {unknown}
Potions
 i - a potion of curing {unknown}
 j - a potion of ambrosia {unknown}
 k - a potion of haste {unknown}
 m - a potion of heal wounds {unknown}
 n - a potion of cancellation {unknown}
 p - 3 potions of flight {unknown}
Comestibles
 o - a slice of pizza


   Skills:
 + Level 2.5 Fighting
 + Level 1.7 Throwing
 + Level 0.5 Armour
 + Level 3.2 Dodging
 + Level 0.2 Stealth
 + Level 4.1 Unarmed Combat


You had 2 spell levels left.
You didn't know any spells.

Dungeon Overview and Level Annotations

Branches:
Dungeon (2/15)

Altars:
Nemelex Xobeh

Annotations:
D:2 Crazy Yiuf


Innate Abilities, Weirdness & Mutations

Your body is rotting away.
You thrive on raw meat.
You are immune to poison.
You have sharp fingernails.
You are carnivorous and can eat meat at any time.
Your flesh is cold resistant.
You are immune to negative energy.
You regenerate slowly when monsters are visible.
You are immune to unholy pain and torment.
You can survive without breathing.


Message History

You barely miss Crazy Yiuf. Crazy Yiuf hits you but does no damage.
You are cast into the Abyss!
To return, you must find a gate leading back.
Welcome to the Abyss!
This branch contains the abyssal rune of Zot.
Unknown command.
Eat a chunk of flesh? (ye/n/q/i?) This raw flesh tastes great!
You continue eating. x2
You hear a chilling moan.
Found a bread ration.
You see here a bread ration.
Found 2 glowing purple potions.
Something hits you!
Ouch! That really hurt!
* * * LOW HITPOINT WARNING * * *
You feel your power leaking away.
Deactivating autopickup; reactivate with Ctrl-A.
You miss something. Something hits you!
You die...

.# ♣ ## #.# ♣ ♣ ###.
..# ..♣♣ .#. ..#♣ .♣♣
.♣ .. ...#♣♣ . ♣♣#
.#..#.♣ ♣. .♣ # . #
#....# ♣. . ##.#
..##.#@#....#. . .
#.## # ..#...#.#
#.##.. .# # ...#.#.##
.# .... .
##.#......#..##...#..#
##..#..##.# # . # #
###.#.#..##......#
##..##.#.### #..# ....
#...!#....#. ... . ..
..#..##... ### # . ##
#


There were no monsters in sight!

Vanquished Creatures
  An adder (D:2)
  2 oozes
  A giant gecko (D:2)
  An orc (D:2)
  3 hobgoblins
  4 jackals (D:2)
  A quokka (D:2)
  3 bats
  A giant newt (D:2)
  6 goblins
  5 kobolds
  3 rats
31 creatures vanquished.

Notes
Turn   | Place    | Note
--------------------------------------------------------------
     0 | D:1      | kaze the Ghoul Gladiator began the quest for the Orb.
     0 | D:1      | Reached XP level 1. HP: 17/17 MP: 0/0
   234 | D:1      | Reached XP level 2. HP: 23/25 MP: 1/1
   759 | D:2      | Reached XP level 3. HP: 24/27 MP: 2/2
   898 | D:2      | Found a sparkling altar of Nemelex Xobeh.
   912 | D:2      | Reached skill level 4 in Unarmed Combat
  1157 | D:2      | Noticed Crazy Yiuf
  1165 | D:2      | Cast into the Abyss (Crazy Yiuf)
  1212 | Abyss:1  | HP: 1/30 [something (15)]
  1223 | Abyss:1  | Mangled by a lorocyproca

Action                   || total
-------------------------++-------
Melee: Unarmed           ||   112
  Eat: Chunk             ||    16
       Meat ration       ||     1
